 Dungeon Crawl Stone Soup version 0.29.0-13-gc9e81de378 (webtiles) character file.

Game seed: 3165855492073648490

3133 groovy9 the Severer (level 9, -3/70 HPs)
             Began as a Minotaur Berserker on Sept 9, 2022.
             Was an Elder of Trog.
             Succumbed to a water moccasin's poison
             ... on level 7 of the Dungeon.
             The game lasted 00:22:29 (6896 turns).

groovy9 the Severer (Minotaur Berserker)            Turns: 6896, Time: 00:22:29

Health: -3/70      AC: 12    Str: 26    XL:     9   Next: 61%
Magic:  8/8        EV:  7    Int:  4    God:    Trog [****..]
Gold:   267        SH:  0    Dex: 10    Spells: 8/8 levels left

rFire   . . .      SeeInvis .   b - +3 trident
rCold   . . .      Faith    +   (no shield)
rNeg    + . .      Spirit   .   x - +0 plate armour
rPois   .          Reflect  .   (helmet restricted)
rElec   .          Harm     .   v - +0 cloak
rCorr   .          Rampage  .   (no gloves)
Will    .....                   (no boots)
Stlth   ..........              o - amulet of faith
HPRegen 0.21/turn               j - ring of positive energy
MPRegen 0.11/turn               l - ring of flight

@: lethally poisoned (-3 -> -24), on berserk cooldown, flying, slowed, very slow
A: horns 2, retaliatory headbutt
a: Renounce Religion, Berserk, Trog's Hand, Brothers in Arms


You were on level 7 of the Dungeon.
You worshipped Trog.
Trog was greatly pleased with you.
You visited 1 branch of the dungeon, and saw 7 of its levels.

You collected 267 gold pieces.

Inventory:

Hand Weapons
 a - a +0 sling
 b - a +3 trident (weapon)
 i - a +3 short sword of holy wrath
 z - a +0 hand axe
Missiles
 h - 88 stones (quivered)
Armour
 s - a +0 tower shield
 v - a +0 cloak (worn)
 x - a +0 plate armour (worn)
 y - a +2 ring mail of fire resistance
Jewellery
 j - a ring of positive energy (left hand)
 k - an amulet of magic regeneration
 l - a ring of flight (right hand)
 o - an amulet of faith (around neck)
 w - a ring of ice
 A - an amulet of guardian spirit
Wands
 d - a wand of digging (8)
 B - a wand of acid (7)
 F - a wand of paralysis (2)
Scrolls
 g - 3 scrolls of noise
 n - 4 scrolls of teleportation
 p - a scroll of immolation
 q - 2 scrolls of identify
 C - a scroll of acquirement {unknown}
 D - a scroll of poison
 E - a scroll of fear {unknown}
 G - a scroll of magic mapping
Potions
 c - 2 potions of might
 e - 6 potions of curing
 f - 2 potions of flight
 m - 3 potions of resistance
 r - a potion of lignification
 t - a potion of mutation


   Skills:
 - Level 3.6 Fighting
 + Level 16.1 Axes
 - Level 2.4 Armour
 - Level 2.1 Dodging


You had 8 spell levels left.
You didn't know any spells.
Your spell library was empty.

Dungeon Overview and Level Annotations

Branches:
Dungeon (7/15)
 Temple: D:4-7

Altars:

Shops:
D:2 *

Portals:
Abyss: D:4

Annotations:
D:4 transporter room, NinjaNoafa's ghost, amateur DrAE


Innate Abilities, Weirdness & Mutations

You have a pair of horns on your head.
You reflexively headbutt those who attack you in melee.


Message History

The water moccasin poisons you!
You puncture the wyvern!
The wyvern is almost dead.
You feel very sick. The wyvern barely misses you.
The water moccasin bites you but does no damage.
The wyvern bites you!
* * * LOW HITPOINT WARNING * * *
You feel much better.
You feel very sick.
The water moccasin bites you but does no damage.
The wyvern bites you!
The water moccasin bites you but does no damage.
The wyvern bites you.
As you read the scroll of teleportation, it crumbles to dust.
You feel strangely unstable.
You feel very sick. The water moccasin bites you.
* * * LOW HITPOINT WARNING * * *
The wyvern barely misses you. The water moccasin bites you.
* * * LOW HITPOINT WARNING * * *
You are lethally poisoned!
The water moccasin poisons you!
The wyvern bites you but does no damage.
You puncture the wyvern!
You kill the wyvern!
Trog accepts your kill.
* * * LOW HITPOINT WARNING * * *
You feel very sick. The water moccasin bites you.
* * * LOW HITPOINT WARNING * * *
You are more poisoned.
The water moccasin poisons you! The water moccasin bites you.
* * * LOW HITPOINT WARNING * * *
Your Axes skill increases to level 16!
Your surroundings suddenly seem different.
Found 4 stones.
* * * LOW HITPOINT WARNING * * *
You feel extremely sick.
You die...

.. #....####.... .....
#.....#....# .....#
##........## ..# ......
##........###...
......######.........#...
.. #..)S)†...........# .
...##...###...).......###
.#.....####............#.
........@#..)............
...........#####......###
.........### #.......##
.........# #........#
>......... #........#
..........# #..........
.........## ...<........
(..##...## #......#...##
.. .... ##....[...###


There were no monsters in sight!

Vanquished Creatures
  5 yaks
  A wyvern (D:7)
  Duvessa (D:6)
  2 sky beasts
  2 black bears (D:6)
  2 ice beasts
  2 ogres
  A kobold brigand (D:7)
  2 scorpions (D:6)
  A bullfrog (D:7)
  3 necrophages
  4 wights (D:6)
  Dowan (D:6)
  3 killer bees (D:7)
  3 jellies
  2 gnoll boudas
  An orc priest (D:6)
  4 hounds
  4 iguanas
  2 orc wizards
  3 adders
  9 gnolls
  A shadow imp (D:7)
  A dart slug (D:1)
  19 orcs
  2 endoplasms
  5 giant cockroaches
  9 goblins
  11 hobgoblins
  4 jackals (D:5)
  2 quokkas
  9 ball pythons
  6 bats
  3 frilled lizards (D:2)
  12 kobolds
  8 rats
150 creatures vanquished.

Notes
Turn   | Place    | Note
-------+----------+-------------------------------------------
     0 | D:1      | groovy9 the Minotaur Berserker began the quest for the Orb.
     0 | D:1      | Reached XP level 1. HP: 19/19 MP: 0/0
    44 | D:1      | Found a faded altar of an unknown god.
    46 | D:1      | Reached skill level 4 in Axes
   177 | D:1      | Reached XP level 2. HP: 14/26 MP: 1/1
  1119 | D:2      | Reached skill level 5 in Axes
  1291 | D:2      | Found Waplo's Assorted Antiques.
  1314 | D:2      | Reached XP level 3. HP: 31/31 MP: 2/2
  1505 | D:2      | Reached ** piety under Trog
  2152 | D:3      | Noticed a necrophage
  2160 | D:3      | Killed a necrophage
  2161 | D:3      | Reached skill level 6 in Axes
  2161 | D:3      | Reached XP level 4. HP: 39/39 MP: 3/3
  2308 | D:3      | Reached skill level 7 in Axes
  2308 | D:3      | Reached XP level 5. HP: 33/45 MP: 4/4
  2893 | D:4      | Reached *** piety under Trog
  3021 | D:4      | Found a transporter.
  3047 | D:4      | Noticed a small abomination
  3112 | D:4      | Found a transporter.
  3118 | D:4      | Noticed NinjaNoafa's ghost (amateur DrAE)
  3134 | D:4      | Found a one-way gate to the infinite horrors of the Abyss.
  3222 | D:4      | Reached skill level 8 in Axes
  3222 | D:4      | Reached XP level 6. HP: 21/51 MP: 5/5
  3740 | D:4      | Noticed an ice beast
  3751 | D:4      | Killed an ice beast
  3752 | D:4      | Reached skill level 9 in Axes
  4033 | D:5      | Entered Level 5 of the Dungeon
  4146 | D:5      | Reached XP level 7. HP: 37/57 MP: 6/6
  4373 | D:5      | Reached skill level 10 in Axes
  5014 | D:6      | Reached skill level 11 in Axes
  5256 | D:6      | Reached XP level 8. HP: 37/64 MP: 7/7
  5261 | D:6      | Reached skill level 12 in Axes
  5455 | D:6      | Noticed Dowan
  5472 | D:6      | Killed Dowan
  5475 | D:6      | Noticed Duvessa
  5482 | D:6      | Killed Duvessa
  5483 | D:6      | Reached skill level 13 in Axes
  6136 | D:7      | Reached **** piety under Trog
  6137 | D:7      | Reached skill level 14 in Axes
  6198 | D:6      | Reached XP level 9. HP: 39/70 MP: 8/8
  6553 | D:6      | Reached skill level 15 in Axes
  6895 | D:7      | Reached skill level 16 in Axes
  6895 | D:7      | HP: 2/70 [poisoned by a water moccasin]
  6896 | D:7      | Succumbed to a water moccasin's poison

Illustrated notes

Levels and vault maps discovered:
D:1:      dpeg_arrival_houses_and_road, layout_rooms,
          ebering_ecumenical_altar_mist
D:2:      kb_forest_paths, layout_basic, serial_shops, nicolae_shop_hallway_plus
D:3:      layout_rooms, serial_glass, glass_columns_c, glass_columns_a
D:4:      layout_gridville, gammafunk_ghost_abyssal_escape
D:5:      layout_rooms
D:6:      layout_basic, uniq_duvessa
D:7:      layout_cave_pools, temple_hall, st_stairs_1

Skill      XL: |  1  2  3  4  5  6  7  8  9 |
---------------+----------------------------+-----
Axes           | 4 5 6 7 8 9 11 14 16 | 16.1
Fighting       | |  3.6
Armour         | |  2.4
Dodging        | |  2.1

Action                   |  1- 3 |  4- 6 |  7- 9 || total
-------------------------+-------+-------+-------++-------
Melee: Hand axe          |    85 |   131 |   125 ||   341
       Headbutt          |     8 |    19 |    38 ||    65
       Punch             |       |     1 |     3 ||     4
       Trident           |       |       |   108 ||   108
 Fire: Sling             |    10 |       |    10 ||    20
Invok: Berserk           |     1 |     3 |     3 ||     7
       Trog's Hand       |       |     3 |     3 ||     6
  Use: Potion            |     6 |     1 |     2 ||     9
       Scroll            |     6 |     5 |     1 ||    12
Armor: Animal skin       |     5 |       |       ||     5
       Leather armour    |     6 |       |       ||     6
       Ring mail         |    13 |    26 |     6 ||    45
       Plate armour      |       |       |    94 ||    94
Dodge: Dodged            |    50 |    69 |    67 ||   186
